 Dungeon Crawl Stone Soup version 0.19.5 (webtiles) character file.

198444 Inarius the Bludgeoner (level 17, -4/162 HPs)
             Began as a Minotaur Fighter on Apr 27, 2017.
             Was a High Priest of Qazlal.
             Killed from afar by a servant of whispers (46 damage)
             ... with a bolt of lightning
             ... in the Desolation of Salt on May 1, 2017.
             The game lasted 03:21:07 (41610 turns).

Inarius the Bludgeoner (Minotaur Fighter)          Turns: 41610, Time: 03:21:24

Health: -4/162     AC: 34    Str: 27      XL:     17   Next: 81%
Magic:  21/28      EV: 12    Int:  7      God:    Qazlal [*****.]
Gold:   1737       SH: 13    Dex: 25 (26) Spells: 0 memorised, 16 levels left

rFire  x . .     SeeInvis .     E - +6 great mace of Jusep {pain, *Noise *Corrode MR+++ Dex+8}
rCold  + + +     Gourm    .     Z - +4 plate armour {MR+}
rNeg   . . .     Faith    .     (shield currently unavailable)
rPois  +         Spirit   .     (helmet unavailable)
rElec  .         Reflect  +     (no cloak)
rCorr  .         Harm     .     a - +2 pair of gloves {archery}
MR     +++++     Clarity  +     J - +2 pair of boots
Stlth  ..........               y - +3 amulet of reflection
                                W - ring of Exhibitionism {rPois rF- rC++ MP+9 Dex+3}
                                q - ring of protection from magic

@: protected from physical damage, repel missiles
A: retaliatory headbutt, horns 3, talons 1, large bone plates 1, yellow scales
1, agile 1, blink, blurry vision 1, clarity, clever 1, cold resistance 1,
deterioration 1, strong 1, no device heal 1
a: Blink, Upheaval, Elemental Force, Disaster Area, Renounce Religion
}: 1/15 runes: barnacled


You were in the Desolation of Salt.
You worshipped Qazlal.
Qazlal was extremely pleased with you.
You were not hungry.

You visited 6 branches of the dungeon, and saw 28 of its levels.
You visited the Abyss 1 time.
You also visited: Labyrinth and Desolation.

You collected 2735 gold pieces.
You spent 998 gold pieces at shops.

Inventory:

Hand Weapons
 E - the +6 great mace of Jusep (weapon) {pain, *Noise *Corrode MR+++ Dex+8}
   (You found it in a labyrinth)

   In the hands of one skilled in necromantic magic, it inflicts extra damage on
   living creatures.
   It affects your dexterity (+8).
   It affects your resistance to hostile enchantments.
   It may make noises in combat.
   It may corrode you when you take damage.
 L - the +8 whip "Snakebite" {curare, rPois}
   (You found it on level 1 of the Lair of Beasts)

   It poisons the flesh of those it strikes.
   It protects you from poison.
 M - a +0 long sword
Armour
 a - a +2 pair of gloves of archery (worn)
 J - a +2 pair of boots (worn)
 O - the +0 cloak of Weightlessness {Int+3}
   (You bought it in a shop on level 2 of the Orcish Mines)

   It affects your intelligence (+3).
 Y - a +2 large shield of protection
 Z - a +4 plate armour of magic resistance (worn)
Jewellery
 g - an uncursed ring of protection from fire
 p - the ring of Jealousy {+Blink Dex+2 SInv}
   (You found it on level 4 of the Shoals)

   [ring of see invisible]

   It affects your dexterity (+2).
   It lets you see invisible.
   It lets you blink.
 q - a ring of protection from magic (left hand)
 y - a +3 amulet of reflection (around neck)
 W - the ring of Exhibitionism (right hand) {rPois rF- rC++ MP+9 Dex+3}
   (You took it off a minotaur in a labyrinth)

   [ring of magical power]

   It affects your dexterity (+3).
   It makes you vulnerable to fire.
   It greatly protects you from cold.
   It protects you from poison.
   It affects your magic capacity (+9).
Wands
 o - a wand of iceblast (7/15)
 x - a wand of polymorph (13/24)
 D - a wand of iceblast (6/15)
Scrolls
 c - 2 scrolls of magic mapping
 e - a scroll of brand weapon
 i - 7 scrolls of blinking
 j - 3 scrolls of fear
 m - 6 scrolls of remove curse
 n - 15 scrolls of teleportation
 s - 3 scrolls of immolation
 u - 4 scrolls of recharging
 v - a scroll of enchant armour
 A - 7 scrolls of fog
 B - a scroll of silence
 C - a scroll of noise
 N - 3 scrolls of torment
 R - a scroll of holy word
 V - 4 scrolls of identify
Potions
 b - 2 potions of flight
 d - 3 potions of might
 h - 4 potions of agility
 r - 3 potions of cancellation
 t - a potion of magic
 w - 9 potions of curing
 z - 2 potions of ambrosia
 F - 7 potions of haste
 G - a potion of cure mutation
 H - 3 potions of invisibility
 K - 7 potions of heal wounds
 S - 2 potions of resistance
 X - a potion of berserk rage
Miscellaneous
 I - a box of beasts
 U - a fan of gales
Comestibles
 f - 13 bread rations
 k - 15 meat rations
 l - 4 beef jerkies
 P - 13 slices of pizza
 T - 2 fruits


   Skills:
 * Level 17.5 Fighting
 - Level 6.7 Long Blades
 * Level 20.3 Maces & Flails
 * Level 17.5 Armour
 + Level 5.1 Dodging
 + Level 2.0 Stealth
 + Level 17.0 Shields
 + Level 4.1 Invocations


You had 16 spell levels left.
You didn't know any spells.

Dungeon Overview and Level Annotations

Branches:
Dungeon (14/15)            Temple (1/1) D:6            Lair (6/6) D:9
 Shoals (4/4) Lair:3       Spider (0/4) Lair:3        Slime (0/5) Lair:5
    Orc (2/2) D:12            Elf (1/3) Orc:2        Vaults (0/5) D:14

Altars:
Ashenzari
Cheibriados
Dithmenos
Elyvilon
Fedhas
Gozag
Hepliaklqana
Kikubaaqudgha
Makhleb
Nemelex Xobeh
Okawaru
Qazlal
Ru
Sif Muna
Trog
Uskayaw
Vehumet
Xom
Yredelemnul
Zin
The Shining One
Beogh
Jiyva

Shops:
D:4 [   D:11 *   D:12 !   Orc:2 }([[   Shoals:2 *   Shoals:3 *

Portals:
Trove: D:10 (give +2 ice dragon scales)


Innate Abilities, Weirdness & Mutations

You reflexively headbutt those who attack you in melee.
You have a pair of large horns on your head.
You have sharp toenails.
You are partially covered in large bone plates. (SH +4)
You are partially covered in yellow scales. (AC +2)
You are agile. (Dex +2)
You can translocate small distances at will.
Scrolls take you a little longer to read.
You possess an exceptional clarity of mind.
Your mind is acute. (Int +2)
Your flesh is cold resistant. (rC+)
Your body sometimes deteriorates upon taking damage.
Your muscles are strong. (Str +2)
Potions and wands are less effective at restoring your health.


Message History

Nature churns violently around you!
The blast of ice hits the saltling.
The saltling is heavily damaged.
The saltling is flash-frozen.
The blast of ice hits the servant of whispers.
The servant of whispers is lightly wounded.
The servant of whispers is flash-frozen.
The blast of ice hits the saltling.
The saltling is lightly damaged.
The saltling is flash-frozen.
You hear a roar!
You hear a shout! x2
The peacekeeper roars a battlecry!
The saltlings go into a battle-frenzy!
The saltling hits you.
* * * LOW HITPOINT WARNING * * *
The ragged hierophant casts a spell.
The ragged hierophant begins to accept its allies' injuries.
The servant of whispers calls down the wrath of its god upon you.
The bolt of lightning hits you!
You die...

...............
....p..........
88..............
....8...8.......
...8.8.8........
#.88.8........
#.p.p8........
..#...888.......
.....pp@........
.....8p8p.......
......p8.8......
...........8....
................
..p....8..#.....
8...............
.8..............
...............


You could see 3 ragged hierophants, 5 servants of whispers, an ironbrand
convoker (inner flame), a peacekeeper and 21 saltlings.

Vanquished Creatures
  Nikola (Lair:3)
  A kraken (Shoals:4)
  Ilsuiw (Shoals:4)
  2 orc warlords (Orc:2)
  An ettin (Orc:1)
  Snorg (Lair:5)
  8 merfolk javelineers
  A fire dragon (Lair:6)
  A deep elf death mage (Elf:1)
  2 minotaurs
  12 merfolk impalers
  Fannar (D:12)
  A vault guard (D:14)
  An ice dragon (D:12)
  5 hydras
  The ghost of execc the Carver, a journeyman OpBe of Trog (D:11)
  An alligator snapping turtle (Shoals:2)
  2 merfolk avatars
  A death knight (D:14)
  The ghost of Diode the Basher, a novice MiBe of Trog (Lair:1)
  4 merfolk aquamancers
  6 death yaks (Lair:6)
  A queen ant (Lair:2)
  2 dancing weapons (Elf:1)
  The ghost of miragecloak the Basher, a novice FoAK of Lugonu (D:13)
  4 satyrs
  2 orc high priests
  3 deep elf knights (Elf:1)
  Nergalle (Lair:1)
  2 fire crabs (Lair:6)
  A skeletal warrior (D:14)
  11 sea snakes
  An unseen horror (Lab)
  2 deep elf archers (Elf:1)
  A wizard (D:14)
  9 hill giants
  5 orc knights
  8 harpies
  8 ugly things
  7 orc sorcerers
  6 cyclopes
  14 deep elf magi (Elf:1)
  18 fauns
  20 elephants
  Joseph (D:7)
  15 manticores
  7 sirens
  15 black mambas
  8 water nymphs
  A torpor snail (Lair:5)
  A guardian serpent (Elf:1)
  A gargoyle (D:11)
  3 molten gargoyles (Lair:6)
  7 spiny frogs
  4 rime drakes
  A yaktaur (D:14)
  16 komodo dragons
  31 merfolk
  A polar bear (D:12)
  A jumping spider (Lair:3)
  4 two-headed ogres
  3 meliai
  10 trolls
  5 saltlings
  A hornet (D:10)
  17 hippogriffs
  11 wind drakes
  30 blink frogs
  3 dream sheep (Shoals:1)
  16 snapping turtles
  A redback (Lab)
  A meliai zombie (D:13)
  A vampire (D:12)
  8 wyverns
  15 water elementals
  3 wraiths
  2 fire elementals (Elf:1)
  3 steam dragons
  88 yaks
  7 basilisks
  12 humans
  2 mottled dragons
  A mottled dragon (shapeshifter) (D:12)
  6 wargs
  18 water moccasins
  15 soldier ants (Lair:2)
  10 porcupines
  4 hell hounds (Lair:6)
  Purgy (D:3)
  An ice beast (D:11)
  53 orc warriors
  5 sky beasts
  A black bear (D:9)
  8 ogres
  7 centaurs
  4 wolves
  20 crocodiles
  A big kobold (D:9)
  9 earth elementals
  15 bullfrogs
  2 gnoll sergeants
  A wyvern zombie (D:12)
  4 scorpions
  A wyvern skeleton (D:13)
  7 killer bees
  4 wights
  2 spriggan skeletons (Lab)
  6 electric eels
  4 howler monkeys
  2 crimson imps
  3 jellies
  3 bullfrog zombies
  9 hounds
  5 lava snakes (Lair:6)
  A centaur zombie (D:5)
  A centaur skeleton (D:7)
  2 quasits
  30 orc priests
  45 orc wizards
  A bullfrog skeleton (D:7)
  2 iguanas
  38 worker ants
  A hound zombie (D:5)
  A worker ant zombie (D:9)
  11 gnolls
  15 adders
  An adder zombie (D:9)
  An adder skeleton (D:7)
  4 worms
  4 dart slugs
  5 leopard geckos
  126 orcs
  2 giant cockroaches
  8 goblins
  6 hobgoblins
  6 jackals (D:2)
  4 quokkas
  2 bats
  4 frilled lizards
  A jackal zombie (D:5)
  8 kobolds
  A leopard gecko skeleton (D:4)
  8 rats
  34 fungi
  39 plants
  A tentacle (Shoals:4)
1183 creatures vanquished.

Vanquished Creatures (others)
  2 satyrs
  A cyclops (Shoals:1)
  4 fauns
  A siren (Shoals:1)
  2 merfolk
  A snapping turtle (Shoals:4)
  An air elemental (Elf:1)
  An orc wizard (Orc:2)
  An adder zombie (D:8)
  10 fungi
  26 plants
  10 tentacles (Shoals:4)
60 creatures vanquished.

Grand Total: 1243 creatures vanquished

Notes
Turn   | Place    | Note
-------+----------+-------------------------------------------
     0 | D:1      | Inarius the Minotaur Fighter began the quest for the Orb.
     0 | D:1      | Reached XP level 1. HP: 19/19 MP: 0/0
   490 | D:1      | Reached XP level 2. HP: 25/27 MP: 1/1
  1041 | D:2      | Reached XP level 3. HP: 31/33 MP: 2/2
  1215 | D:2      | Reached skill level 1 in Dodging
  1737 | D:3      | Gained mutation: Your mind is acute. (Int +2) [potion of mutation]
  1737 | D:3      | Gained mutation: You expend magic power (3 MP) to strengthen your wands. [potion of mutation]
  1737 | D:3      | Gained mutation: Potions and wands are less effective at restoring your health. [potion of mutation]
  1738 | D:3      | Gained mutation: You have large cloven feet. [potion of mutation]
  1738 | D:3      | Gained mutation: Your mind is very acute. (Int +4) [potion of mutation]
  1759 | D:3      | Reached XP level 4. HP: 40/40 MP: 3/3
  2020 | D:3      | Noticed Purgy
  2038 | D:3      | Killed Purgy
  2038 | D:3      | Reached XP level 5. HP: 21/46 MP: 4/4
  2215 | D:3      | Gained mutation: Your spells are a little harder to cast, but a little more powerful. [potion of mutation]
  2516 | D:4      | Noticed a centaur
  2528 | D:4      | Killed a centaur
  2528 | D:4      | Reached skill level 5 in Armour
  2528 | D:4      | Reached XP level 6. HP: 27/53 MP: 5/5
  2547 | D:4      | Reached skill level 5 in Shields
  2818 | D:4      | Gained mutation: You are partially covered in yellow scales. (AC +2) [potion of beneficial mutation]
  2900 | D:4      | Found Zosovit's Armour Emporium.
  3274 | D:4      | Reached skill level 5 in Long Blades
  3897 | D:5      | Entered Level 5 of the Dungeon
  3951 | D:5      | Reached XP level 7. HP: 42/60 MP: 6/6
  4261 | D:5      | Reached skill level 5 in Fighting
  4416 | D:5      | Found a shadowy altar of Dithmenos.
  4467 | D:5      | Gained mutation: You have a pair of large horns on your head. [potion of beneficial mutation]
  4890 | D:5      | Found a snail-covered altar of Cheibriados.
  5036 | D:5      | Reached skill level 1 in Maces & Flails
  5251 | D:5      | Reached skill level 2 in Maces & Flails
  5306 | D:5      | Reached XP level 8. HP: 61/69 MP: 7/7
  5323 | D:5      | Reached skill level 3 in Maces & Flails
  5562 | D:6      | Found a staircase to the Ecumenical Temple.
  5571 | Temple   | Entered the Ecumenical Temple
  5655 | Temple   | Became a worshipper of Qazlal Stormbringer
  5670 | D:6      | Reached skill level 4 in Maces & Flails
  5752 | D:6      | Reached skill level 5 in Maces & Flails
  5878 | D:6      | Reached skill level 6 in Maces & Flails
  6268 | D:6      | Found a stormy altar of Qazlal.
  6403 | D:6      | Found a shimmering altar of Xom.
  6483 | D:7      | Found a glowing silver altar of Zin.
  6832 | D:7      | Reached skill level 7 in Maces & Flails
  6832 | D:7      | Reached skill level 1 in Stealth
  6863 | D:7      | Noticed Joseph
  6881 | D:7      | Cast into level 2 of the Abyss (Joseph)
  6910 | D:7      | Escaped the Abyss
  6922 | D:7      | Killed Joseph
  6922 | D:7      | Reached * piety under Qazlal
  6922 | D:7      | Reached XP level 9. HP: 31/75 MP: 8/8
  7282 | D:7      | Reached skill level 8 in Maces & Flails
  7508 | D:7      | Found a shattered altar of Ashenzari.
  7587 | D:7      | Found a burning altar of Makhleb.
  7589 | D:7      | Noticed a green death
  7693 | D:8      | Reached skill level 9 in Maces & Flails
  7870 | D:8      | Found an ancient bone altar of Kikubaaqudgha.
  8066 | D:8      | Found a shimmering altar of Xom.
  8069 | D:8      | Found a sparkling altar of Nemelex Xobeh.
  8381 | D:8      | Reached skill level 10 in Maces & Flails
  8617 | D:9      | Found a runed door.
  8637 | D:9      | Noticed a troll
  8652 | D:9      | Killed a troll
  8706 | D:9      | Noticed a manticore
  8707 | D:9      | Noticed a troll
  8713 | D:9      | Reached XP level 10. HP: 73/84 MP: 9/9
  8726 | D:9      | Reached ** piety under Qazlal
  8732 | D:9      | Killed a manticore
  8962 | D:9      | Noticed a hill giant
  8976 | D:9      | Killed a hill giant
  8976 | D:9      | Reached skill level 11 in Maces & Flails
  9099 | D:9      | Found a runed door.
  9497 | D:9      | Found a staircase to the Lair.
  9894 | D:10     | Entered Level 10 of the Dungeon
 10564 | D:10     | Reached skill level 12 in Maces & Flails
 11046 | D:10     | Found a portal to a secret trove of treasure.
 11183 | D:10     | Gained mutation: Your flesh is cold resistant. (rC+) [mutagenic meat]
 11188 | D:10     | Gained mutation: Your spells are harder to cast, but more powerful. [mutagenic meat]
 11325 | D:11     | Noticed a hill giant
 11335 | D:11     | Killed a hill giant
 11335 | D:11     | Reached XP level 11. HP: 91/94 MP: 10/10
 11509 | D:11     | Noticed execc's ghost (journeyman OpBe)
 11516 | D:11     | Noticed a hill giant
 11837 | D:10     | Killed a hill giant
 12290 | D:11     | Killed execc's ghost
 12335 | D:11     | Noticed a green ugly thing
 12354 | D:11     | Killed a green ugly thing
 12363 | D:11     | Reached skill level 13 in Maces & Flails
 12376 | D:11     | Reached skill level 10 in Armour
 12397 | D:11     | Gained mutation: Your body sometimes deteriorates upon taking damage. [mutagenic meat]
 12405 | D:11     | Got an encrusted scale mail
 12530 | D:11     | Noticed a cyan ugly thing
 12536 | D:11     | Killed a cyan ugly thing
 12536 | D:11     | Reached *** piety under Qazlal
 12594 | D:11     | Found Mablehib's Pet Rocks.
 12626 | D:11     | Identified the +0 scale mail of Pimat {*Drain MR+++ Int-5 Stlth+} (You found it on level 11 of the Dungeon)
 12924 | D:11     | Noticed a hill giant
 12936 | D:11     | Killed a hill giant
 13199 | D:12     | Noticed Fannar
 13221 | D:12     | Killed Fannar
 13221 | D:12     | Reached skill level 14 in Maces & Flails
 13221 | D:12     | Reached skill level 10 in Shields
 13221 | D:12     | Reached XP level 12. HP: 86/106 MP: 11/11
 13261 | D:12     | Reached skill level 10 in Fighting
 13380 | D:12     | Reached **** piety under Qazlal
 13427 | D:12     | Found a staircase to the Orcish Mines.
 13522 | D:12     | Found Jishoi's Distillery.
 13671 | D:12     | Noticed an ice dragon
 13691 | D:12     | Killed an ice dragon
 13714 | D:12     | Found a frozen archway.
 13969 | D:12     | Bought a potion of mutation for 35 gold pieces
 13970 | D:12     | Lost mutation: You have large cloven feet. [potion of mutation]
 14263 | D:12     | Gained mutation: You are weak. (Str -2) [mutagenic meat]
 14641 | D:13     | Noticed miragecloak's ghost (novice FoAK)
 14758 | D:13     | Killed miragecloak's ghost
 15164 | D:13     | Reached skill level 15 in Maces & Flails
 15171 | D:13     | Lost mutation: Your body sometimes deteriorates upon taking damage. [mutagenic meat]
 16394 | D:14     | Lost mutation: Your spells are harder to cast, but more powerful. [potion of cure mutation]
 16394 | D:14     | Lost mutation: You have a pair of large horns on your head. [potion of cure mutation]
 16394 | D:14     | Lost mutation: You expend magic power (3 MP) to strengthen your wands. [potion of cure mutation]
 16394 | D:14     | Lost mutation: You are weak. (Str -2) [potion of cure mutation]
 16394 | D:14     | Lost mutation: Your mind is very acute. (Int +4) [potion of cure mutation]
 16418 | D:14     | Reached XP level 13. HP: 110/117 MP: 12/12
 16725 | D:14     | Reached skill level 1 in Invocations
 16896 | D:14     | Gained mutation: Your muscles are strong. (Str +2) [potion of mutation]
 16896 | D:14     | Gained mutation: Armour fits poorly on your strangely shaped body. [potion of mutation]
 17070 | D:14     | Found a gate to the Vaults.
 17210 | D:14     | Gained mutation: You can translocate small distances at will. [mutagenic meat]
 17211 | D:14     | Gained mutation: You possess an exceptional clarity of mind. [mutagenic meat]
 17212 | D:14     | Gained mutation: You have sharp toenails. [mutagenic meat]
 17213 | D:14     | Lost mutation: Your spells are a little harder to cast, but a little more powerful. [mutagenic meat]
 17214 | D:14     | Gained mutation: Your spells are a little easier to cast, but a little less powerful. [mutagenic meat]
 17215 | D:14     | Lost mutation: Your spells are a little easier to cast, but a little less powerful. [mutagenic meat]
 17216 | D:14     | Gained mutation: Scrolls take you a little longer to read. [mutagenic meat]
 17523 | D:14     | Gained mutation: Your body sometimes deteriorates upon taking damage. [potion of mutation]
 17523 | D:14     | Gained mutation: You have a pair of large horns on your head. [potion of mutation]
 17907 | Orc:1    | Entered Level 1 of the Orcish Mines
 18356 | Orc:1    | Noticed an ettin
 18362 | Orc:1    | Killed an ettin
 18714 | Orc:1    | Reached skill level 16 in Maces & Flails
 19047 | Orc:1    | Found a bloodstained altar of Trog.
 19211 | Orc:2    | Entered Level 2 of the Orcish Mines
 19670 | Orc:2    | Found a roughly hewn altar of Beogh.
 19685 | Orc:2    | Noticed an orc warlord
 19722 | Orc:2    | Killed an orc warlord
 19790 | Orc:2    | Found a roughly hewn altar of Beogh.
 19804 | Orc:2    | Found Raisogga's Gadget Emporium.
 19904 | Orc:2    | Found a roughly hewn altar of Beogh.
 20115 | Orc:2    | Noticed an orc warlord
 20147 | Orc:2    | Killed an orc warlord
 20147 | Orc:2    | Reached XP level 14. HP: 102/129 MP: 14/14
 21381 | Orc:2    | Found a roughly hewn altar of Beogh.
 21390 | Orc:2    | Found a staircase to the Elven Halls.
 21449 | Orc:2    | Found a roughly hewn altar of Beogh.
 21460 | Orc:2    | Found Vugh's Antique Armour Emporium.
 21786 | Orc:2    | Paralysed by an orc sorcerer for 3 turns
 22260 | Orc:2    | Found Benank's Antique Armour Boutique.
 22261 | Orc:2    | Found a roughly hewn altar of Beogh.
 22266 | Orc:2    | Found Hesobb's Antique Weapon Shop.
 22357 | Orc:2    | Bought a steaming cloak for 247 gold pieces
 22357 | Orc:2    | Bought a pair of embroidered gloves for 273 gold pieces
 22368 | Orc:2    | Identified the +0 cloak of Weightlessness {Int+3} (You bought it in a shop on level 2 of the Orcish Mines)
 22544 | Orc:2    | Bought a pair of embroidered gloves for 262 gold pieces
 22786 | Lair:1   | Entered Level 1 of the Lair of Beasts
 22800 | Lair:1   | Noticed Diode's ghost (novice MiBe)
 22838 | Lair:1   | Killed Diode's ghost
 22913 | Lair:1   | Found a labyrinth entrance.
 22918 | Lab      | Entered a labyrinth
 24810 | Lab      | Got a clouded copper ring
 24839 | Lab      | Got a twisted great mace
 24847 | Lab      | Identified the +6 great mace of Jusep {pain, *Noise *Corrode MR+++ Dex+8} (You found it in a labyrinth)
 24912 | Lab      | Identified the ring of Exhibitionism {rPois rF- rC++ MP+9 Dex+3} (You took it off a minotaur in a labyrinth)
 25286 | Lair:1   | Noticed Nergalle
 25296 | Lair:1   | Killed Nergalle
 25300 | Lair:1   | Reached ***** piety under Qazlal
 26879 | Lair:3   | Found a staircase to the Shoals.
 26900 | Lair:3   | Reached skill level 17 in Maces & Flails
 27123 | Lair:3   | Reached ****** piety under Qazlal
 27176 | Lair:3   | Lost mutation: Armour fits poorly on your strangely shaped body. [potion of mutation]
 27277 | Lair:3   | Reached XP level 15. HP: 139/139 MP: 15/15
 27365 | Lair:3   | Found a hole to the Spider Nest.
 28895 | Lair:5   | Found a viscous altar of Jiyva.
 28895 | Lair:5   | Found a staircase to the Slime Pits.
 29038 | Lair:5   | Noticed Snorg
 29081 | Lair:5   | Killed Snorg
 30188 | Lair:6   | Entered Level 6 of the Lair of Beasts
 30206 | Lair:6   | Reached skill level 15 in Fighting
 30560 | Lair:6   | Reached skill level 15 in Shields
 30586 | Lair:6   | Found a large runed door.
 30587 | Lair:6   | Found a large runed door.
 30645 | Lair:6   | Reached skill level 18 in Maces & Flails
 30645 | Lair:6   | Reached skill level 15 in Armour
 31903 | Shoals:1 | Entered Level 1 of the Shoals
 31958 | Lair:3   | Reached XP level 16. HP: 122/149 MP: 17/17
 31997 | Shoals:1 | Noticed Nikola
 32520 | Lair:3   | Killed Nikola
 33083 | Shoals:1 | Gained mutation: You are partially covered in large bone plates. (SH +4) [potion of mutation]
 33083 | Shoals:1 | Gained mutation: You are agile. (Dex +2) [potion of mutation]
 33282 | Shoals:1 | Found a hide-covered altar of Uskayaw.
 33938 | Shoals:2 | Reached skill level 5 in Dodging
 34363 | Shoals:2 | Found Vathraom's Assorted Antiques.
 34366 | Shoals:2 | Bought a scroll of identify for 66 gold pieces
 34366 | Shoals:2 | Bought a scroll of immolation for 115 gold pieces
 34398 | Shoals:2 | Reached skill level 19 in Maces & Flails
 35370 | Shoals:3 | Found Iwnot's General Store.
 35732 | Shoals:4 | Entered Level 4 of the Shoals
 35772 | Shoals:4 | Noticed Ilsuiw
 36883 | Shoals:3 | Reached XP level 17. HP: 68/159 MP: 18/18
 37883 | Shoals:4 | Killed Ilsuiw
 38554 | Shoals:4 | Reached skill level 20 in Maces & Flails
 38767 | Shoals:4 | Got a brightly glowing golden ring
 38774 | Shoals:4 | Identified the ring of Jealousy {+Blink Dex+2 SInv} (You found it on level 4 of the Shoals)
 39569 | Shoals:4 | Noticed a kraken
 39599 | Shoals:4 | Killed a kraken
 39713 | Shoals:4 | Got a vibrating ruby amulet
 39718 | Shoals:4 | Identified the amulet of Qazlal's Envy {Harm *Drain +Blink} (You found it on level 4 of the Shoals)
 39931 | Shoals:4 | Got a barnacled rune of Zot
 40919 | Elf:1    | Entered Level 1 of the Elven Halls
 41284 | Elf:1    | Found a ruined gateway.
 41592 | Desolati | Entered the Desolation of Salt
 41610 | Desolati | Killed from afar by a servant of whispers

Skill      XL: |  1  2  3  4  5  6  7  8  9 10 11 12 13 14 15 16 17 |
---------------+----------------------------------------------------+-----
Fighting       | 4 5 6 8 9 11 13 14 15 16 17 | 17.5
Armour         | 4 5 6 7 8 10 11 12 14 15 16 17 | 17.5
Dodging        | 1 2 3 4 5 |  5.1
Shields        | 4 5 6 7 9 10 11 12 14 15 16 17 | 17.0
Long Blades    | 4 6 |  6.7
Maces & Flails | 2 7 10 12 14 15 16 17 18 19 20 | 20.3
Stealth        | 1 2 |  2.0
Invocations    | 2 3 4 |  4.1

Action                   |  1- 3 |  4- 6 |  7- 9 | 10-12 | 13-15 | 16-18 || total
-------------------------+-------+-------+-------+-------+-------+-------++-------
Melee: Long sword        |   105 |   124 |    37 |       |       |       ||   266
       Headbutt          |    14 |    21 |    60 |   180 |   405 |   213 ||   893
       Kick              |     1 |    38 |   112 |   217 |   567 |   103 ||  1038
       Flail             |       |       |   283 |   819 |   807 |       ||  1909
       Whip              |       |       |       |       |   674 |       ||   674
       Great mace        |       |       |       |       |    97 |   685 ||   782
       Rapier            |       |       |       |       |       |     4 ||     4
Invok: Upheaval          |       |       |       |     9 |    23 |    21 ||    53
       Elemental Force   |       |       |       |       |     1 |       ||     1
       Disaster Area     |       |       |       |       |       |     1 ||     1
 Abil: Blink             |       |       |       |       |       |     1 ||     1
Evoke: Wand              |       |       |       |     1 |       |       ||     1
  Use: Potion            |     2 |     2 |     1 |     4 |     3 |     9 ||    21
       Scroll            |     2 |     5 |     6 |    16 |    10 |     4 ||    43
 Stab: Distracted        |       |       |       |       |     1 |       ||     1
       Held in net/web   |       |       |       |       |       |     1 ||     1
  Eat: Chunk             |     3 |     5 |    13 |    26 |    38 |    25 ||   110
       Beef jerky        |       |     1 |       |     1 |     2 |       ||     4
       Pizza             |       |       |     2 |       |       |       ||     2
       Royal jelly       |       |       |       |     2 |       |     1 ||     3
       Fruit             |       |       |       |     3 |    12 |     5 ||    20
       Bread ration      |       |       |       |     1 |     1 |       ||     2
Armor: Scale mail        |    63 |       |       |       |       |       ||    63
       Ring mail         |       |    58 |    72 |       |       |       ||   130
       Plate armour      |       |       |    40 |   220 |   270 |   414 ||   944
Dodge: Dodged            |    33 |    48 |    94 |   117 |   172 |   311 ||   775
       Deflected         |       |       |       |     3 |    11 |    57 ||    71
Block: Shield            |    55 |    64 |   160 |   425 |   505 |       ||  1209
       Large shield      |       |       |       |       |   658 |       ||   658
       Other             |       |       |       |       |    35 |   613 ||   648
       Reflection        |       |       |       |       |     8 |    97 ||   105
       Rpst.: Long sword |    12 |     9 |     1 |       |       |       ||    22
